General information
- name: BNet
- type: Ladder team game (AT/RT)
- host: Battle.net
- saver: TIMG4STRok
map: PhantomGrove
- players: 4
- length: 23:54
- speed: Fast
- version: 1.23 W3XP
- replay type:

» download(196 KB)
Players
team 1 (loser)
Kerplunker (
orange | 86 APM | 2055 actions | 23:52)
5 Blademaster
2 Wind Walk
3 Critical Strike
4 Shadow Hunter
2 Hex
2 Healing Wave
» actions
| Assign group hotkey | 32 | |
| Basic commands | 110 | |
| Build / train | 80 | |
| ESC pressed | 4 | |
| Enter build submenu | 18 | |
| Enter hero's abilities submenu | 9 | |
| Give item / drop item | 5 | |
| Right click | 917 | |
| Select / deselect | 408 | |
| Select group hotkey | 299 | |
| Use ability | 173 | |
2055 total
» units
| Peon | 7 | |
| Grunt | 11 | |
| Raider | 12 | |
| Spirit Walker | 6 | |
| Demolisher | 1 | |
| Troll Batrider | 3 | |
40 total
» upgrades
| Berserker Strength | 1 | |
| Ensnare | 1 | |
| Spirit Walker Training | 1 | |
| Pillage | 1 | |
4 total
» buildings
| Altar of Storms | 1 | |
| Orc Burrow | 7 | |
| Barracks | 1 | |
| Voodoo Lounge | 2 | |
| Stronghold | 2 | |
| Beastiary | 1 | |
| Spirit Lodge | 1 | |
| War Mill | 1 | |
16 total
» build order
00:09 Altar of Storms
00:20 Orc Burrow
00:37 Barracks
01:25 Orc Burrow
01:58 Voodoo Lounge
02:54 Stronghold
04:20 Orc Burrow
04:30 Orc Burrow
05:37 Beastiary
05:52 Spirit Lodge
08:27 Orc Burrow
08:28 War Mill
13:12 Orc Burrow
15:29 Voodoo Lounge
20:44 Orc Burrow
» items
| Healing Salve | 1 | |
| Lesser Clarity Potion | 3 | |
| Scroll of Speed | 2 | |
| Staff of Teleportation | 1 | |
| Scroll of Town Portal | 3 | |
| Scroll of Healing | 6 | |
| Potion of Healing | 3 | |
| Potion of Mana | 2 | |
| Potion of Lesser Invulnerability | 1 | |
22 total
MaRoStYlE (
red | 275 APM | 6545 actions | 23:50)
6 Death Knight
3 Death Coil
2 Unholy Aura
1 Animate Dead
4 Lich
2 Frost Nova
2 Dark Ritual
3 Crypt Lord
2 Impale
1 Spiked Carapace
» actions
| Assign group hotkey | 46 | |
| Basic commands | 627 | |
| Build / train | 87 | |
| ESC pressed | 8 | |
| Enter build submenu | 15 | |
| Enter hero's abilities submenu | 13 | |
| Give item / drop item | 3 | |
| Right click | 1417 | |
| Select / deselect | 1289 | |
| Select group hotkey | 2811 | |
| Use ability | 228 | |
6545 total
» units
| Acolyte | 2 | |
| Ghoul | 8 | |
| Crypt Fiend | 19 | |
| Obsidian Statue | 10 | |
39 total
» upgrades
| Burrow | 1 | |
| Destroyer Form | 2 | |
| Creature Attack | 1 | |
| Web | 1 | |
5 total
» buildings
| Crypt | 1 | |
| Graveyard | 1 | |
| Altar of Darkness | 1 | |
| Ziggurat | 6 | |
| Tomb of Relics | 1 | |
| Halls of the Dead | 2 | |
| Black Citadel | 2 | |
| Slaughterhouse | 2 | |
| Spirit Tower | 1 | |
17 total
» build order
00:06 Crypt
00:20 Graveyard
00:39 Altar of Darkness
00:58 Ziggurat
01:20 Tomb of Relics
01:57 Ziggurat
03:53 Halls of the Dead
04:22 Ziggurat
06:29 Black Citadel
06:29 Black Citadel
06:45 Ziggurat
07:04 Slaughterhouse
10:09 Spirit Tower
11:33 Slaughterhouse
11:34 Ziggurat
13:52 Ziggurat
» items
| Rod of Necromancy | 5 | |
| Sacrificial Skull | 1 | |
| Scroll of Town Portal | 3 | |
| Orb of Corruption | 1 | |
| Potion of Lesser Invulnerability | 3 | |
| Dust of Appearance | 1 | |
| Potion of Healing | 2 | |
16 total
team 2 (winner)

»
Rush[yyz] (
yellow | 117 APM | 2797 actions | 23:53)
5 Archmage
3 Summon Water Elemental
2 Brilliance Aura
4 Mountain King
2 Storm Bolt
1 Thunder Clap
1 Bash
» actions
| Assign group hotkey | 72 | |
| Basic commands | 191 | |
| Build / train | 61 | |
| Enter build submenu | 24 | |
| Enter hero's abilities submenu | 9 | |
| Right click | 1200 | |
| Select / deselect | 437 | |
| Select group hotkey | 696 | |
| Use ability | 107 | |
2797 total
» units
| Peasant | 12 | |
| Footman | 9 | |
| Murloc Huntsman | 1 | |
| Sorceress | 6 | |
| Spell Breaker | 10 | |
| Priest | 5 | |
43 total
» buildings
| Barracks | 1 | |
| Altar of Kings | 1 | |
| Farm | 13 | |
| Scout Tower | 1 | |
| Arcane Tower | 1 | |
| Lumber Mill | 2 | |
| Keep | 2 | |
| Arcane Vault | 2 | |
| Arcane Sanctum | 2 | |
| Blacksmith | 1 | |
| Town Hall | 1 | |
27 total
» build order
00:07 Barracks
00:20 Altar of Kings
00:34 Farm
00:50 Farm
01:51 Farm
01:55 Scout Tower
02:30 Arcane Tower
03:30 Lumber Mill
03:32 Keep
03:32 Keep
03:55 Lumber Mill
03:58 Farm
03:59 Farm
04:21 Farm
05:21 Arcane Vault
06:12 Arcane Sanctum
06:15 Arcane Sanctum
06:54 Farm
07:24 Blacksmith
08:10 Farm
08:50 Farm
09:30 Farm
09:31 Farm
15:14 Arcane Vault
15:30 Farm
16:07 Farm
20:38 Town Hall
» items
| Scroll of Regeneration | 2 | |
| Scroll of Town Portal | 1 | |
3 total

»
TIMG4STRok (
pink | 155 APM | 3698 actions | 23:54)
5 Death Knight
3 Death Coil
2 Unholy Aura
4 Lich
2 Frost Nova
2 Frost Armor
3 Pit Lord
2 Howl of Terror
1 Cleaving Attack
» actions
| Assign group hotkey | 37 | |
| Basic commands | 101 | |
| Build / train | 68 | |
| Enter build submenu | 14 | |
| Enter hero's abilities submenu | 12 | |
| Give item / drop item | 6 | |
| Right click | 1664 | |
| Select / deselect | 403 | |
| Select group hotkey | 1261 | |
| Use ability | 132 | |
3698 total
» units
| Acolyte | 3 | |
| Ghoul | 3 | |
| Crypt Fiend | 16 | |
| Obsidian Statue | 7 | |
29 total
» upgrades
| Creature Attack | 2 | |
| Burrow | 1 | |
| Web | 1 | |
| Destroyer Form | 1 | |
| Creature Carapace | 2 | |
| Disease Cloud | 1 | |
8 total
» buildings
| Graveyard | 1 | |
| Crypt | 1 | |
| Ziggurat | 6 | |
| Altar of Darkness | 1 | |
| Tomb of Relics | 1 | |
| Nerubian Tower | 1 | |
| Halls of the Dead | 1 | |
| Slaughterhouse | 1 | |
| Black Citadel | 1 | |
14 total
» build order
00:05 Graveyard
00:08 Crypt
00:37 Ziggurat
00:54 Altar of Darkness
01:47 Ziggurat
01:58 Tomb of Relics
02:58 Nerubian Tower
04:13 Ziggurat
04:54 Halls of the Dead
05:31 Ziggurat
07:18 Slaughterhouse
08:29 Black Citadel
08:32 Ziggurat
15:36 Ziggurat
» items
| Dust of Appearance | 1 | |
| Rod of Necromancy | 1 | |
| Scroll of Town Portal | 3 | |
| Orb of Corruption | 1 | |
| Potion of Healing | 1 | |
| Scroll of Healing | 1 | |
8 total
Chat log
(00:18 / Allies) Rush[yyz]: think its a good idea to expo?
(00:21 / Allies) TIMG4STRok: no
(00:24 / Allies) Rush[yyz]: k
(00:25 / Allies) TIMG4STRok: id get fast sorc
(00:29 / Allies) Rush[yyz]: k
(00:30 / Allies) TIMG4STRok: sorc and fiend will reign supreme
(00:42 / Allies) Rush[yyz]: oh yeah
(00:45 / Allies) Rush[yyz]: i forgot how good that was
(00:51 / Allies) TIMG4STRok: yeah hu ud is v. good
(06:49 / Allies) TIMG4STRok: ugh
(09:35 / Allies) TIMG4STRok: gotta hit before destro
(09:42 / Allies) Rush[yyz]: k
(14:04 / Allies) TIMG4STRok: ill tp
(14:07 / Allies) TIMG4STRok: just need third hero
(16:00 / Allies) TIMG4STRok: gotta get tp